 Dungeon Crawl Stone Soup version 0.17-a0-670-g5d95ebd (console) character file.

1975740 stickyfingers the Miracle Worker (level 27, 165/165 HPs)
             Began as a Spriggan Assassin on Apr 18, 2015.
             Was the Champion of Nemelex Xobeh.
             Escaped with the Orb
             ... and 4 runes on Apr 20, 2015!
             The game lasted 13:48:35 (96720 turns).

stickyfingers the Miracle Worker (SpAs)            Turns: 96720, Time: 13:48:35

Health: 165/165    AC: 20    Str:  8    XL:     27
Magic:  40/40      EV: 45    Int: 16    God:    Nemelex Xobeh [******]
Gold:   6099       SH: 13    Dex: 28    Spells: 15 memorised, 1 level left

rFire  + + .     SeeInvis +     a - +9 quick blade (elec)
rCold  . . .     Clarity  .     w - +2 robe "Ubugud" {rPois Str+2 Slay+3 Stlth+}
rNeg   . . .     SustAb   .     G - +3 buckler {AC+3}
rPois  +         Gourm    .     g - +2 hat
rElec  +         Spirit   .     k - +2 cloak {rPois}
rCorr  .         Warding  .     (gloves unavailable)
rMut   +         Stasis   .     (boots unavailable)
MR     +++++                    B - amulet of resist mutation
Stlth  ++++......               N - ring "Xeurivui" {rElec AC+3, =R}
                                v - ring of Trepidation {rF+ Str+2}

@: deflect missiles, very quick, almost entirely resistant to hostile
enchantments, stealthy
A: unfitting armour, molten scales 1, rugged brown scales 1, slimy green scales
1, see invisible, dopey 1, fire resistance 1, herbivore 3, speed 3, magic
resistance 1, slow healing 1, slow metabolism 2, spit poison 1
a: Spit Poison, Triple Draw, Deal Four, Stack Five, Renounce Religion
0: Orb of Zot
}: 4/15 runes: decaying, serpentine, slimy, silver


You escaped.
You worshipped Nemelex Xobeh.
Nemelex Xobeh was exalted by your worship.
You were very full.

You visited 13 branches of the dungeon, and saw 66 of its levels.
You visited 1 bazaar.
You also visited: Ossuary and Ice Cave.

You collected 8610 gold pieces.
You spent 2487 gold pieces at shops.

Inventory:

Hand weapons
 a - a +9 quick blade of electrocution (weapon)
   (You subdued it on level 2 of the Elven Halls)
 b - a +1 blowgun
 c - a +9 quick blade of flaming
   (You found it on level 3 of the Depths)
Missiles
 t - 8 throwing nets {!f}
 F - 12 curare-tipped needles
 X - a stone (quivered)
Armour
 f - the +3 troll leather armour of Wasted Space {MR++ Regen+ rCorr}
   (You acquired it on level 3 of the Depths)

   It affects your resistance to hostile enchantments.
   It increases your rate of regeneration.
   It protects you from acid and corrosion.
 g - a +2 hat (worn)
   (You took it off Gastronok on level 1 of the Orcish Mines)
 i - the +4 faerie dragon armour {rN+++ Int-4 Dex+5 Slay+2}
   (You took it off the Enchantress on level 3 of the Depths)

   It affects your intelligence (-4).
   It affects your dexterity (+5).
   It affects your accuracy and damage with ranged weapons and melee attacks
   (+2).
   It renders you almost immune to negative energy.
 k - a +2 cloak of poison resistance (worn)
   (You bought it in a shop in a bazaar)
 w - the +2 robe "Ubugud" (worn) {rPois Str+2 Slay+3 Stlth+}
   (You found it on level 2 of the Vaults)

   It affects your strength (+2).
   It affects your accuracy and damage with ranged weapons and melee attacks
   (+3).
   It protects you from poison.
   It makes you more stealthy.
 G - a +3 buckler of protection (worn)
   (You found it on level 11 of the Dungeon)
Rods
 M - a +1 rod of clouds (13/13) {!a}
   (You found it on level 5 of the Realm of Zot)
 W - a +4 rod of ignition (13/13) {!a}
   (You took it off a vampire knight on level 3 of the Crypt)
Jewellery
 u - the amulet "Caidd" {Ward rN+ Dex+4}
   (You found it on level 3 of the Depths)

   [amulet of warding]

   It may prevent the melee attacks of summoned creatures.
   It affects your dexterity (+4).
   It protects you from negative energy.
 v - the ring of Trepidation (left hand) {rF+ Str+2}
   (You found it on level 2 of the Vaults)

   [ring of strength]

   It affects your strength (+2).
   It protects you from fire.
 B - an amulet of resist mutation (around neck)
   (You found it on level 2 of the Lair of Beasts)
 J - an uncursed ring of protection from cold
   (You found it on level 2 of the Lair of Beasts)
 N - the ring "Xeurivui" (right hand) {rElec AC+3, =R}
   (You found it on level 3 of the Snake Pit)

   [ring of protection]

   It affects your AC (+3).
   It insulates you from electricity.
 P - a +3 ring of protection
   (You bought it in a shop on level 4 of the Orcish Mines)
 T - an uncursed amulet of stasis
   (You found it on level 7 of the Lair of Beasts)
 U - an uncursed ring of teleportation
   (You found it on level 3 of the Crypt)
Magical devices
 h - a wand of digging (4)
   (You found it on level 13 of the Dungeon)
 n - a wand of disintegration (5)
   (You found it on level 10 of the Dungeon)
 s - a wand of heal wounds (6)
   (You acquired it on level 2 of the Lair of Beasts)
 R - a wand of invisibility (4)
   (You took it off Nikola on level 1 of the Swamp)
 Y - a wand of digging (11)
   (You found it on level 4 of the Depths)
Scrolls
 j - a scroll of holy word
 p - 7 scrolls of blinking
 r - 5 scrolls of recharging
 y - 35 scrolls of teleportation
 K - 8 scrolls of fog
 Z - 5 scrolls of summoning
Potions
 e - 5 potions of heal wounds
 o - 13 potions of restore abilities
 x - 14 potions of brilliance
 A - 9 potions of haste
 C - 16 potions of curing
 D - 7 potions of cure mutation
 E - 8 potions of might
 I - 6 potions of agility
 O - 8 potions of magic
Miscellaneous
 l - a legendary deck of escape {Solitude, left: 4}
   (Nemelex Xobeh gifted it to you on level 3 of the Orcish Mines)
 m - a fan of gales
   (You found it on level 3 of the Elven Halls)
 q - a lantern of shadows
   (You found it on level 15 of the Dungeon)
 z - a sack of spiders
   (You found it on level 3 of the Depths)
 H - a legendary deck of war
   (Nemelex Xobeh gifted it to you on level 5 of the Pits of Slime)
 L - an ornate deck of destruction {drawn: 2}
   (Nemelex Xobeh gifted it to you on level 4 of the Realm of Zot)
 Q - a legendary deck of destruction {the Orb, drawn: 1}
   (Nemelex Xobeh gifted it to you on level 2 of the Orcish Mines)
 S - a legendary deck of escape {the Tomb, left: 5}
   (Nemelex Xobeh gifted it to you on level 4 of the Vaults)
 V - a phial of floods
   (You found it on level 5 of the Vaults)
Comestibles
 d - 20 bread rations


   Skills:
 + Level 21.8 Fighting
 - Level 12.0 Short Blades
 - Level 2.1 Throwing
 - Level 7.9 Armour
 - Level 25.0 Dodging
 - Level 25.0 Stealth
 - Level 9.0 Shields
 - Level 12.0 Spellcasting
 - Level 3.0 Conjurations
 - Level 3.0 Hexes
 O Level 27 Charms
 - Level 3.0 Summonings
 - Level 14.0 Necromancy
 - Level 4.0 Translocations
 - Level 4.0 Ice Magic
 - Level 8.0 Air Magic
 - Level 4.0 Poison Magic
 - Level 17.0 Evocations


You had one spell level left.
You knew the following spells:

 Your Spells              Type           Power        Failure   Level  Hunger
a - Apportation           Tloc           ###.......   1%          1    None
c - Dispel Undead         Necr           ######..     1%          5    #####..
f - Flight                Chrm/Air       ######....   0%          3    None
g - Shroud of Golubria    Chrm/Tloc      ######....   1%          2    None
h - Haste                 Chrm           #######.     1%          6    ######.
m - Mephitic Cloud        Conj/Pois/Air  ####....     2%          3    None
o - Ozocubu's Armour      Chrm/Ice       ######..     1%          3    None
r - Regeneration          Chrm/Necr      ######....   0%          3    None
A - Animate Dead          Necr           N/A          1%          4    ##.....
B - Blink                 Tloc           N/A          1%          2    None
F - Summon Butterflies    Summ           ###.....     1%          1    None
M - Deflect Missiles      Chrm/Air       ######....   1%          6    ######.
R - Corpse Rot            Necr           N/A          1%          2    None
T - Warp Weapon           Chrm/Tloc      ######....   1%          5    #####..
W - Spectral Weapon       Hex/Chrm       ######..     1%          3    None


Dungeon Overview and Level Annotations

Branches:
Dungeon (15/15)            Temple (1/1) D:6            Lair (8/8) D:10
  Swamp (5/5) Lair:6        Snake (5/5) Lair:3        Slime (6/6) Lair:7
    Orc (4/4) D:11            Elf (3/3) Orc:4        Vaults (5/5) D:13
  Crypt (3/3) Vaults:3       Tomb (0/3) Crypt:3      Depths (5/5) D:15
   Hell (1/1)                 Zot (5/5) Depths:5
    Dis: Hell:1         Geh: Hell:1         Coc: Hell:1         Tar: Hell:1

Altars:
Ashenzari
Cheibriados
Dithmenos
Elyvilon
Fedhas
Gozag
Kikubaaqudgha
Makhleb
Nemelex Xobeh
Okawaru
Qazlal
Ru
Sif Muna
Trog
Vehumet
Xom
Yredelemnul
Zin
The Shining One
Beogh
Jiyva

Shops:
D:7 =   D:13 [   D:15 (   Orc:2 [   Orc:4 **[((   Vaults:2 (%   Vaults:4 *
Depths:1 *

Portals:
Hell: Depths:1 Depths:2 Depths:3 Depths:4 Depths:5
Abyss: Depths:3 Depths:4
Pandemonium: Depths:2 Depths:3 Depths:4 Depths:5
Ziggurat: Depths:2

Annotations:
Slime:3 exclusion: shining eye
Hell Geryon


Innate Abilities, Weirdness & Mutations

You are tiny and cannot use many weapons and most armour.
You have supernaturally acute eyesight.
You are a herbivore.
You cover ground extremely quickly.
You need consume almost no food.
You are partially covered in molten scales (AC +1).
You are partially covered in rugged brown scales (AC +1, +3% HP).
You are partially covered in slimy green scales (AC +2).
You are dopey. (Int -2)
Your flesh is heat resistant.
You are resistant to hostile enchantments.
You heal slowly when monsters are visible.
You can spit weak poison.


Message History

Unknown command.
Drop what? 52/52 slots (_ for help) (? for menu, Esc to quit)
You drop a wand of cold (11).
Unknown command.
Y - a wand of digging (11) Unknown command.
Unknown command.
Unknown command.
Casting: Regeneration
Confirm with . or Enter, or press ? or * to list all spells.
You fly up into the air.
You see here a spear.
There is an open door, spattered with blood here.
Unknown command.
(D) Dungeon (T) Temple (L) Lair (S) Swamp (P) Snake Pit (M) Slime Pits (O) Orcish Mines (E) Elven Halls (V) Vaults (C) Crypt (W) Tomb (U) Depths (H) Hell (Z) Zot
Where to? (* - list waypoints, Enter - D:15, ? - help)
Okay, then.
Unknown command.
Casting: Flight
Confirm with . or Enter, or press ? or * to list all spells.
Your skin crawls.
Casting: Regeneration
Confirm with . or Enter, or press ? or * to list all spells.
Your skin crawls.
(D) Dungeon (T) Temple (L) Lair (S) Swamp (P) Snake Pit (M) Slime Pits (O) Orcish Mines (E) Elven Halls (V) Vaults (C) Crypt (W) Tomb (U) Depths (H) Hell (Z) Zot
Where to? (* - list waypoints, Enter - D:15, ? - help)
What level of the Dungeon? (default 1, ? - help)
You see here a short sword.
There is a stone staircase leading up here.
You fly upwards.
You sense a powerful magical force warping space.
There is a stone staircase leading down here.
A smoke demon comes into view.
There is a stone staircase leading up here.
(D) Dungeon (T) Temple (L) Lair (S) Swamp (P) Snake Pit (M) Slime Pits (O) Orcish Mines (E) Elven Halls (V) Vaults (C) Crypt (W) Tomb (U) Depths (H) Hell (Z) Zot
Where to? (* - list waypoints, Enter - D:1 @ (x,y), ? - help)
You fly upwards.
You sense a powerful magical force warping space.
Magic restored.
There is a stone staircase leading down here.
HP restored.
There is a stone staircase leading up here.
You fly upwards.
You sense a powerful magical force warping space.
There is a stone staircase leading down here.
There is a stone staircase leading up here.
You fly upwards.
You sense a powerful magical force warping space.
There is a stone staircase leading down here.
There is a stone staircase leading up here.
You fly upwards.
You sense a powerful magical force warping space.
There is a stone staircase leading down here.
Your skin is crawling a little less now.
There is an open door here.
Your skin stops crawling.
There is an escape hatch in the ceiling here.
A mysterious force pulls you upwards. The hatch slams shut behind you.
You sense a powerful magical force warping space.
You see here a pair of gloves.
You see here a rapier.
Your magical contamination has completely faded away.
There is a stone staircase leading up here.
You fly upwards.
You sense a powerful magical force warping space.
There is a stone staircase leading down here.
A hellwing comes into view. x2
There is a stone staircase leading up here.
You fly upwards.
You sense a powerful magical force warping space.
You are starting to lose your buoyancy.
There is a stone staircase leading down here.
A quokka comes into view.
The quokka moves out of view.
There is a stone staircase leading up here.
You see here a giant spiked club.
You float gracefully downwards.
You climb upwards.
You sense a powerful magical force warping space.
There is a stone staircase leading down here.
Unknown command.
Unknown command.
(D) Dungeon (T) Temple (L) Lair (S) Swamp (P) Snake Pit (M) Slime Pits (O) Orcish Mines (E) Elven Halls (V) Vaults (C) Crypt (W) Tomb (U) Depths (H) Hell (Z) Zot
Where to? (* - list waypoints, Enter - D:1 @ (x,y), ? - help)
There is a stone staircase leading up here.
You climb upwards.
You sense a powerful magical force warping space.
There is a stone staircase leading down here.
There is a stone staircase leading up, spattered with blood here.
You climb upwards.
You sense a powerful magical force warping space.
There is a stone staircase leading down here.
There is a large open door here.
There is an open door here.
An adder skeleton comes into view.
There is a stone staircase leading up here.
You climb upwards.
You sense a powerful magical force warping space.
There is a stone staircase leading down here.
Unknown command.
There is a stone staircase leading up here.
You climb upwards.
You sense a powerful magical force warping space.
There is a stone staircase leading down here.
Unknown command.
Unknown command.
Evoke which item? (* to show all) (? for menu, Esc to quit)
Zapping:
h - a wand of digging (7)
Press: ? - help, Shift-Dir - straight line The rock shatters into small pieces.
This wand has 6 charges left.
Evoke which item? (* to show all) (? for menu, Esc to quit)
Zapping:
h - a wand of digging (6)
Press: ? - help, Shift-Dir - straight line The rock shatters into small pieces.
This wand has 5 charges left.
There is a stone staircase leading up here.
You climb upwards.
You sense a powerful magical force warping space.
There is a stone staircase leading down, spattered with blood here.
Things that are here:
a club x2
Unknown command.
You see here a club.
Evoke which item? (* to show all) (? for menu, Esc to quit)
Zapping:
h - a wand of digging (5)
Press: ? - help, Shift-Dir - straight line The rock shatters into small pieces.
This wand has 4 charges left.
There is a staircase leading out of the dungeon here.
Welcome back, stickyfingers the Spriggan Assassin.
Nemelex Xobeh says: It's all in the cards!
Press ? for a list of commands and other information.
Unknown command.
Unknown command.
Unknown command.
Unknown command.
You aren't carrying or standing over any spellbooks.
Unknown command.
There is a staircase leading out of the dungeon here.
You have escaped!

........>.................##
.##.#...)#########.......)##
.............# #..........#
#............## #..........#
....#.#.......###..........#
.......)..##...##..........#
....#.....###..##..........#
.......##.##..............##
......###..#.##.####.....##
.....#####.#.#.....#.#####
....###.##...#..@..#.#
.........##..#.....#.#
....#.#..##..#.....#.#
...(.........##'''##.#
.....................#
.........####.......##
.........# ###.#####
.##......## #.##
###.......#####..#
................##
.##.........##########


There were no monsters in sight!

Vanquished Creatures
  the royal jelly (Slime:6)
  Dissolution (Slime:5)
  5 ancient liches (Depths:3 Vaults:5 Zot:5)
  2 orbs of fire (Zot:5)
  Mennas (Depths:3)
  Sojobo (Vaults:3)
  Boris (Vaults:5)
  Frederick (Depths:4)
  2 shard shrikes (Vaults:5)
  Saint Roka (Vaults:4)
  6 caustic shrikes (Depths:2 Depths:3)
  2 Killer Klowns (Zot:5)
  5 golden dragons (Depths:5 Vaults:5 Zot:1 Zot:2 Zot:5)
  Nikola (Swamp:1)
  the Enchantress (Depths:3)
  Xtahua (Vaults:5)
  A Brimstone Fiend (Depths:3)
  A bone dragon (Depths:5)
  3 electric golems (Zot:2 Zot:5)
  2 hellephants (Crypt:1 Depths:5)
  Rupert (Lair:4)
  11 tentacled monstrosities (Depths:3 Vaults:5 Zot:2 Zot:1 Zot:4)
  12 Orb Guardians (Zot:5)
  3 liches (Vaults:2 Crypt:3)
  2 deep elf blademasters (Elf:3)
  2 deep elf master archers (Elf:3)
  A Shadow Fiend (Depths:3)
  4 titans (Depths:3 Vaults:5)
  Gastronok (Orc:1)
  2 ancient champions (Crypt:1 Crypt:2)
  4 sphinxes (Depths:5 Vaults:5)
  30 acid blobs (Slime:1 Slime:4 Slime:2 Slime:5 Slime:6)
  5 thorn hunters (Swamp:3 Swamp:4 Swamp:5)
  9 storm dragons (Vaults:2 Vaults:3 Depths:4 Zot:2 Zot:4)
  Kirke (Swamp:3)
  5 shadow dragons (Depths:3 Vaults:5 Zot:4)
  A revenant (Crypt:2)
  7 tengu reavers (Vaults:3 Depths:1 Depths:5 Vaults:5)
  Roxanne (D:14)
  14 azure jellies (Slime:1 Slime:2 Slime:5 Slime:6)
  9 greater nagas (Snake:3 Snake:4 Snake:5)
  The ghost of Fusha the Earth Mage, a powerful DDEE of Makhleb (Orc:2)
  8 fire giants (Vaults:3 Depths:2 Depths:3 Depths:5 Vaults:5)
  2 draconian monks (Depths:5 Zot:2)
  2 ghost moths (Zot:4 Zot:5)
  10 deep elf sorcerers (Elf:3 Vaults:4 Depths:3 Vaults:5)
  Donald (Orc:4)
  9 vault wardens (Vaults:2 Vaults:3 Vaults:4 Vaults:5)
  A fire giant (shapeshifter) (Depths:4)
  Maud (D:14)
  6 draconian scorchers (Zot:1 Zot:4)
  9 frost giants (IceCv Vaults:3 Vaults:4 Depths:1 Depths:3)
  An orc warlord (Orc:4)
  Aizul (Snake:5)
  5 draconian knights (Depths:5 Zot:4 Zot:5)
  Louise (Elf:3)
  2 curse skulls (Crypt:3)
  A draconian zealot (Zot:4)
  3 draconian shifters (Zot:1 Zot:4)
  8 ghouls (Crypt:1 Crypt:2)
  A draconian annihilator (Zot:1)
  A stone giant (shapeshifter) (Vaults:5)
  3 spriggan defenders (Depths:3)
  3 reapers (Crypt:3)
  14 very ugly things (Vaults:1 Vaults:3 Depths:2 Depths:3 Depths:4)
  26 stone giants (Vaults:1 Vaults:2 Vaults:3 Vaults:4 Depths:1)
  16 ironheart preservers (Vaults:1 Vaults:2 Vaults:3 Vaults:4 Vaults:5)
  3 war gargoyles (Depths:4)
  5 green draconians (Depths:5 Zot:1 Zot:2)
  A draconian caller (Zot:1)
  A salamander firebrand (Depths:4)
  4 purple draconians (Depths:5 Zot:2)
  A lorocyproca (Depths:2)
  17 deep elf annihilators (Elf:3 Vaults:4 Vaults:5)
  3 black draconians (Zot:2 Zot:5)
  A dire elephant (shapeshifter) (Depths:4)
  7 deep elf demonologists (Elf:1 Elf:2 Elf:3)
  2 vampire knights (Crypt:3 Depths:3)
  Azrael (D:14)
  4 red draconians (Depths:5 Zot:1)
  4 white draconians (Depths:5 Zot:1 Zot:5)
  9 eidola (Crypt:1 Crypt:3)
  A dire elephant (D:15)
  2 mottled draconians (Zot:1)
  13 yellow draconians (Zot:1 Zot:4 Zot:5)
  2 green deaths (Depths:3 Depths:5)
  8 deep elf death magi (Elf:3 Crypt:1 Crypt:2 Crypt:3 Vaults:5)
  9 giant orange brains (Depths:1 Depths:2 Depths:4 Slime:5 Slime:6)
  2 quicksilver dragon zombies (Crypt:3)
  4 blizzard demons (Depths:3 Depths:4)
  11 death oozes (Slime:4 Slime:5 Slime:6)
  9 crystal guardians (Depths:4)
  A mummy priest (Crypt:3)
  32 vault guards (D:13 Vaults:1 Vaults:5)
  12 ettins (Vaults:2 Depths:1 Depths:2 Depths:5 Vaults:5)
  18 yaktaur captains (D:13 Vaults:1 Vaults:2 Vaults:3 Depths:3)
  6 fire dragons (Vaults:3 Depths:2 Zot:2 Zot:5)
  A spectral weapon (Vaults:5)
  7 deep elf high priests (Elf:3 Vaults:5)
  2 entropy weavers (Depths:5)
  10 rakshasas (Vaults:2 Depths:1 Depths:3)
  Harold (Lair:2)
  A quicksilver dragon skeleton (Crypt:3)
  13 jiangshi (Crypt:1 Crypt:2 Crypt:3)
  14 ice dragons (Lair:3 Vaults:1 Vaults:4 Depths:2 Depths:3)
  6 death cobs (Zot:1 Zot:4 Zot:5)
  8 great orbs of eyes (Vaults:3 Depths:5 Slime:3 Slime:2 Slime:6)
  15 naga warriors (Snake:3 Snake:4 Snake:5)
  2 ghost crabs (Swamp:5)
  23 hydras (Lair:4 Lair:5 Lair:6 Lair:7 Lair:8)
  2 death knights (Crypt:2 Crypt:3)
  2 spriggan air magi (Depths:3)
  22 anacondas (Elf:2 Snake:1 Snake:2 Snake:3 Snake:4)
  4 salamander stormcallers (Vaults:2 Vaults:4 Vaults:5)
  3 deep troll shamans (Vaults:1 Depths:5)
  6 centaur warriors (D:14 Vaults:2 Vaults:3 Depths:2 Depths:3)
  8 death yaks (Lair:8 IceCv Depths:3 Vaults:5)
  25 dancing weapons (Elf:2 Depths:4)
  9 vampire magi (Crypt:1 Crypt:2 Depths:5)
  6 alligators (Swamp:3 Swamp:4 Swamp:5)
  A death yak (shapeshifter) (Depths:4)
  14 ogre magi (Vaults:2 Vaults:4 Depths:1 Depths:2 Vaults:5)
  2 orc high priests (Orc:4)
  A hell beast (Depths:5)
  The ghost of Nebulous the Fighter, a powerful VSFi of Makhleb (IceCv)
  A spriggan berserker (Depths:3)
  Urug (Orc:2)
  A spectral storm dragon (Crypt:2)
  10 naga sharpshooters (Snake:2 Snake:3 Snake:5)
  10 soul eaters (Crypt:3 Depths:1 Depths:3 Depths:5)
  An iron troll (Depths:5)
  13 deep troll earth magi (Vaults:1 Vaults:3 Depths:1 Depths:2 Depths:5)
  A shock serpent (shapeshifter) (Depths:4)
  A titan skeleton (Crypt:2)
  An iron golem (Depths:4)
  Nergalle (Lair:2)
  13 deep elf knights (D:15 Elf:1 Elf:2 Elf:3 Vaults:4)
  A hell knight (Vaults:2)
  7 shock serpents (Snake:3 Snake:4 Snake:5)
  5 sun demons (Hell Depths:1 Depths:2 Depths:3 Depths:5)
  10 skeletal warriors (D:13 D:15 Vaults:2 Crypt:1 Crypt:3)
  7 salamander mystics (Snake:3 Snake:5)
  2 fire crabs (shapeshifter) (Vaults:2 Vaults:5)
  A fire crab (Vaults:4)
  2 unseen horrors (D:13 Vaults:1)
  A deep troll (shapeshifter) (Depths:4)
  15 hill giants (D:8 D:10 D:11 D:12 D:13)
  4 shadow wraiths (Vaults:3 Vaults:4 Crypt:2 Crypt:3)
  4 flayed ghosts (Crypt:1 Crypt:3 Depths:3)
  A ball lightning (Depths:4)
  26 deep trolls (Vaults:1 Vaults:3 Depths:1 Depths:2 Depths:5)
  A golden dragon zombie (Crypt:3)
  A storm dragon skeleton (Depths:2)
  7 deep elf summoners (D:14 Elf:1 Elf:3)
  11 swamp dragons (Swamp:2 Swamp:3 Swamp:5)
  2 gelid demonspawn (Lair:2 Depths:2)
  5 naga ritualists (Snake:1 Snake:3 Snake:4 Snake:5)
  A ghost moth zombie (Crypt:3)
  A sea snake (Snake:1)
  3 putrid demonspawn (Crypt:3 Depths:2)
  An ice statue (IceCv)
  3 obsidian statues (Depths:4)
  2 shadow dragon zombies (Crypt:3)
  A spectral wolf spider (Crypt:3)
  15 necromancers (Vaults:2 Crypt:2 Crypt:3 Depths:1)
  4 lindwurms (Snake:5)
  An anubis guard (shapeshifter) (Depths:4)
  36 ugly things (D:10 D:11 D:12 D:13 D:15)
  An iron dragon zombie (Crypt:3)
  18 orc knights (Orc:3 Orc:4 D:13 Vaults:1 Vaults:2)
  An anaconda skeleton (Crypt:3)
  13 ironbrand convokers (Vaults:2 Vaults:3 Vaults:4 Vaults:5)
  A cyclops (shapeshifter) (Vaults:2)
  An orb spider (shapeshifter) (Elf:2)
  9 deep elf conjurers (Elf:1 Elf:2 Elf:3)
  20 mana vipers (Snake:1 Snake:3 Snake:4 Snake:5)
  12 phantasmal warriors (Crypt:2 Crypt:3 Depths:3)
  5 orc sorcerers (Orc:4 Elf:1 Vaults:2 Vaults:4)
  8 wolf spiders (Vaults:1 Vaults:2 Vaults:3 Vaults:4 Crypt:3)
  A wizard (Depths:1)
  A harpy (shapeshifter) (D:14)
  7 shining eyes (Slime:4 Slime:3 Slime:5 Slime:6)
  2 hornets (Vaults:1 Vaults:3)
  4 cyclopes (D:14 Vaults:1 Vaults:2 Depths:2)
  3 manticores (D:13 D:15 Swamp:1)
  2 shadow dragon skeletons (Crypt:3)
  8 griffons (Lair:4 Lair:7 Vaults:1 Vaults:2 Vaults:3)
  A manticore (shapeshifter) (Vaults:5)
  13 salamanders (D:15 Snake:2 Snake:3 Snake:5)
  3 oklob plants (Zot:4)
  A sixfirhy (Depths:3)
  A shock serpent zombie (Crypt:3)
  A human skeleton (Vaults:2)
  An iron dragon skeleton (Crypt:3)
  3 eyes of devastation (Swamp:1 Slime:5 Slime:6)
  Maurice (Orc:2)
  3 elephants (Lair:7)
  A moth of wrath (shapeshifter) (Depths:4)
  30 black mambas (Lair:4 Lair:7 Lair:8 Snake:1 Snake:2)
  5 gargoyles (D:12 D:13 D:14 Depths:4)
  9 guardian serpents (Snake:3 Snake:5)
  22 naga magi (Snake:1 Snake:2 Snake:3 Snake:4 Snake:5)
  4 frost giant skeletons (Vaults:2 Crypt:2 Crypt:3 Depths:1)
  3 rust devils (Depths:2 Depths:3 Depths:5)
  15 moths of wrath (Zot:1 Zot:2 Zot:4 Zot:5)
  21 spiny frogs (Lair:2 Lair:4 Lair:5 Lair:8 Swamp:1)
  A black mamba (shapeshifter) (Depths:4)
  2 fire giant skeletons (Crypt:3)
  16 vault sentinels (Vaults:1 Vaults:2 Vaults:3 Vaults:4 Vaults:5)
  3 molten gargoyles (Depths:4)
  Psyche (D:11)
  An orange crystal statue (Zot:5)
  A yaktaur (shapeshifter) (Vaults:2)
  An efreet (D:14)
  A torpor snail (Lair:7)
  3 orange demons (Depths:4)
  A komodo dragon (shapeshifter) (Depths:4)
  3 kobold demonologists (Vaults:1 Vaults:3)
  A yaktaur zombie (Vaults:2)
  A grey draconian zombie (Crypt:2)
  14 hellwings (Crypt:3 Depths:5)
  19 deep elf priests (Elf:1 Elf:2 Elf:3 Vaults:3 Vaults:4)
  A queen bee (Lair:1)
  58 yaktaurs (Vaults:1 Vaults:2 Vaults:3 Vaults:4 Depths:1)
  A jumping spider (shapeshifter) (Depths:4)
  4 hellions (Depths:3)
  2 guardian mummies (Crypt:3)
  5 wandering mushrooms (D:10 Lair:8)
  A demonic crawler (Depths:1)
  A red devil (Zot:1)
  8 freezing wraiths (Vaults:1 Crypt:1 Crypt:2 Crypt:3 Vaults:5)
  4 elves (shapeshifter) (D:14 Vaults:1 Depths:4)
  2 merfolk (shapeshifter) (Depths:4)
  4 jumping spiders (Crypt:3 Depths:5)
  A sea snake skeleton (Crypt:1)
  A blue devil (Depths:4)
  3 spriggan druids (Lair:8 Swamp:5)
  10 komodo dragons (Lair:1 Lair:2 Lair:5 Lair:8 D:14)
  2 hydra zombies (Crypt:2 Crypt:3)
  2 polar bears (shapeshifter) (Elf:1 Depths:4)
  A tormentor (Depths:3)
  3 merfolk (Elf:3 Depths:3)
  3 fire drakes (Lair:4 Lair:6)
  A wind drake (Depths:4)
  19 polar bears (Lair:8 IceCv Depths:3)
  15 boulder beetles (Lair:5 Vaults:1 Vaults:2 Vaults:3 Vaults:4)
  7 trolls (D:10 D:11 D:13 D:14 D:15)
  An ushabti (Crypt:3)
  5 giant leeches (Swamp:1 Swamp:2 Swamp:3 Swamp:4)
  212 slime creatures (Swamp:4 Vaults:2 Depths:1 Depths:2 Slime:1)
  17 two-headed ogres (D:9 D:10 D:11 D:13 Vaults:4)
  13 blink frogs (Lair:7 Lair:8 Swamp:5)
  2 hydra skeletons (Crypt:2 Crypt:3)
  A minotaur skeleton (Crypt:1)
  13 ravens (D:14 Swamp:2 Swamp:3 Swamp:5)
  A sphinx simulacrum (Depths:5)
  4 baby alligators (Swamp:5)
  2 ravens (shapeshifter) (Elf:3 Depths:4)
  2 fire dragon zombies (Crypt:3)
  8 bog bodies (Swamp:1 Swamp:2 Swamp:3 Swamp:4 Swamp:5)
  24 deep elf magi (D:9 D:13 D:14 Elf:1 Elf:2)
  A griffon skeleton (Crypt:1)
  An ice dragon skeleton (Crypt:3)
  A flying skull (Crypt:3)
  An ettin zombie (Crypt:3)
  An ice dragon zombie (Crypt:3)
  A redback (shapeshifter) (Depths:4)
  13 spriggans (Lair:8 Swamp:2 Swamp:5 Depths:3)
  5 shadows (D:11 D:14 D:15 Crypt:2 Crypt:3)
  14 air elementals (Vaults:3 Depths:3 Depths:4)
  A spriggan skeleton (Depths:1)
  A yak (shapeshifter) (Depths:4)
  71 yaks (D:10 Lair:2 Lair:3 Lair:4 Lair:7)
  21 redbacks (Lair:8 Elf:1 Crypt:3 Depths:5 Vaults:5)
  3 water elementals (Depths:4)
  45 deep elf fighters (D:14 Elf:1 Elf:2 Elf:3 Vaults:4)
  3 ynoxinuls (Elf:3 Depths:3 Depths:5)
  7 wyverns (D:8 Lair:4 D:15)
  A vampire (Crypt:1)
  3 hogs (Swamp:3)
  12 basilisks (Lair:1 Lair:3 Lair:4 Lair:5 Lair:7)
  2 golden eyes (Slime:6)
  4 mottled dragons (D:12 D:13 Vaults:2)
  10 fire elementals (D:14 Depths:1 Depths:4)
  Grum (D:9)
  A tarantella (shapeshifter) (Vaults:2)
  24 vampire mosquitoes (Swamp:1 Swamp:4 Swamp:5 Vaults:1 Vaults:2)
  A basilisk (shapeshifter) (Vaults:1)
  22 hippogriffs (D:8 D:9 Lair:1 Lair:2 Lair:4)
  A chaos spawn (Depths:5)
  A yaktaur simulacrum (Vaults:2)
  A hungry ghost (Crypt:2)
  54 nagas (Lair:3 Snake:1 Snake:2 Snake:3 Snake:4)
  11 wraiths (D:14 Crypt:1 Crypt:2 Crypt:3)
  A steam dragon (Swamp:1)
  32 swamp worms (Lair:6 Swamp:1 Swamp:2 Swamp:3 Swamp:4)
  A monstrous demonspawn zombie (Crypt:2)
  5 wargs (Orc:3 Orc:4)
  26 insubstantial wisps (Swamp:2 Swamp:3 Depths:4)
  A torturous demonspawn zombie (Crypt:2)
  A putrid demonspawn zombie (Depths:2)
  17 swamp drakes (Swamp:1 Swamp:2 Swamp:3 Swamp:5)
  48 wolves (D:9 D:10 Lair:1 Lair:7 Lair:8)
  7 raven skeletons (Crypt:3)
  4 hell hounds (D:14)
  42 water moccasins (D:8 Lair:1 Lair:2 Lair:3 Lair:4)
  46 ogres (D:4 D:5 D:7 Orc:1 Orc:3)
  4 spiders (Crypt:3)
  5 wasps (Lair:8 Swamp:2 Swamp:5)
  7 necrophages (D:7 D:9 D:12 Crypt:1 Crypt:2)
  12 porcupines (Lair:1 Lair:2 Lair:3 Lair:4 Lair:5)
  A phantom (D:12)
  18 ice beasts (D:12 D:14 IceCv D:15)
  2 black bears (shapeshifter) (D:14 Vaults:3)
  7 black bears (Lair:3 Lair:8)
  2 boring beetles (Lair:6 Lair:7)
  A sky beast (D:7)
  7 eyes of draining (D:11 Slime:1 Slime:3 Slime:5 Slime:6)
  2 large abominations (Vaults:5)
  An ogre (shapeshifter) (Vaults:2)
  A tengu (Lair:2)
  52 orc warriors (D:9 D:10 Orc:3 Orc:2 Orc:4)
  An ice dragon simulacrum (Crypt:2)
  2 snapping turtle skeletons (Crypt:2 Crypt:3)
  10 boggarts (Depths:1 Depths:3)
  A big kobold (shapeshifter) (Vaults:1)
  14 centaurs (D:6 D:8 D:9 D:13 D:14)
  22 crocodiles (Lair:1 Lair:2 Lair:3 Lair:4 Lair:5)
  22 giant frogs (D:6 D:8 D:9 D:10 Lair:2)
  5 elf zombies (Ossuary Crypt:2)
  2 lost souls (Crypt:3)
  2 gnoll sergeants (D:6 D:11)
  Blork the orc (D:6)
  A brain worm (D:13)
  3 big kobolds (D:12 Bazaar Vaults:1)
  2 wyvern zombies (D:14 Crypt:1)
  11 earth elementals (Depths:4)
  A water moccasin zombie (D:5)
  3 scorpions (D:9 D:12)
  2 wyvern skeletons (D:13 D:14)
  2 oklob saplings (D:10)
  A spriggan zombie (Crypt:2)
  A tengu zombie (Depths:1)
  A warg skeleton (Orc:4)
  43 killer bees (D:10 Lair:1 D:12 D:13 Swamp:5)
  9 electric eels (D:10 Lair:1 Lair:6 Snake:1)
  7 wights (D:12 Crypt:2)
  14 crimson imps (D:7 D:11 D:15 Depths:2 Depths:3)
  A goliath beetle (Vaults:5)
  10 hounds (D:4 D:5 D:6 D:7 D:9)
  8 centaur zombies (Ossuary D:7 D:12)
  9 human zombies (Ossuary Vaults:2 Crypt:3)
  4 iron imps (Depths:2 Depths:3 Depths:4)
  37 orc priests (D:6 D:7 Orc:1 Orc:2 Orc:3)
  32 orc wizards (D:9 D:10 Orc:1 Orc:2 Orc:3)
  4 centaur skeletons (D:5 D:12 D:13 D:15)
  4 giant frog skeletons (D:5 D:6 D:13)
  55 jellies (D:11 D:13 D:15 Lair:7 Slime:1)
  3 quasits (D:8 Depths:3)
  A basilisk skeleton (Crypt:1)
  10 iguanas (D:9 Lair:1 Lair:2 Lair:3 Lair:5)
  A hell rat (Elf:1)
  A porcupine skeleton (Crypt:2)
  6 worker ants (D:4 D:7 D:9 D:11 D:13)
  15 sheep (Lair:1 Lair:2)
  3 mummies (Ossuary)
  17 adders (D:3 D:4 D:5 D:6 D:7)
  17 gnolls (D:3 D:4 D:6 D:11)
  A scorpion zombie (Crypt:1)
  6 shadow imps (D:8 D:14 Depths:2 Depths:3)
  75 river rats (Lair:1 Lair:3 Lair:4 Lair:5 Lair:8)
  10 white imps (Depths:2 Depths:3 Depths:4)
  4 ufetubi (Depths:2 Depths:3)
  5 oozes (D:2 D:3 D:5 Lair:7)
  2 adder skeletons (D:8 D:9)
  9 orc skeletons (Orc:4 Crypt:3)
  2 orc zombies (Orc:4)
  2 worms (D:2 D:5)
  6 giant geckos (D:1 D:2 D:3 D:6 D:10)
  218 orcs (D:3 D:4 D:5 D:6 D:7)
  16 bats (D:2 D:3 D:4 D:5 D:6)
  2 bat skeletons (D:5 D:6)
  4 giant cockroaches (D:1 D:2 D:4)
  26 hobgoblins (D:1 D:2 D:3 D:4 D:5)
  15 jackals (D:1 D:4 D:6 D:10 Vaults:5)
  33 kobolds (D:1 D:2 D:3 D:4 D:6)
  6 quokkas (D:3 D:5 D:10 Orc:1)
  5 ball pythons (D:1 D:2 D:5)
  A ball python zombie (D:6)
  A giant gecko skeleton (Crypt:2)
  7 giant newts (D:1 D:3 D:4 D:6 D:7)
  A giant newt skeleton (Crypt:1)
  31 goblins (D:1 D:2 D:3 D:4 D:9)
  A hobgoblin zombie (Crypt:2)
  A kobold zombie (Crypt:3)
  A quokka skeleton (Crypt:2)
  A quokka zombie (D:10)
  8 rats (D:2 D:4 D:5 D:7 D:8)
  A rat (shapeshifter) (Depths:4)
  4 briar patches (Swamp:3)
  2 crawling corpses (Elf:1)
  A fungus (Lair:5)
  10 plants (D:2 D:9 Lair:1 Lair:3 Lair:7)
3356 creatures vanquished.

Vanquished Creatures (collateral kills)
  An ancient lich (Crypt:3)
  A stone giant (Depths:3)
  The ghost of hulla the Earth Mage, a mighty OpEE of Sif Muna (Swamp:5)
  An Orb Guardian (Depths:5)
  A storm dragon (Depths:5)
  A great orb of eyes (Depths:3)
  A hydra (Swamp:5)
  2 dancing weapons (Elf:2)
  A deep troll (Vaults:3)
  5 skeletal warriors (D:13 D:15)
  The ghost of wotan the Poker, an experienced MiBe of Trog (D:7)
  A hornet (Swamp:1)
  A spiny frog (Lair:7)
  A deep elf priest (Elf:2)
  A yaktaur (Depths:5)
  A freezing wraith (D:14)
  A hippogriff (D:7)
  An air elemental (Depths:3)
  A wolf (Lair:3)
  A swamp worm (Swamp:1)
  A tengu (Swamp:5)
  A giant frog (Lair:6)
  A wight (Crypt:3)
  2 killer bees (Lair:6 Swamp:5)
  A crimson imp (Depths:5)
31 creatures vanquished.

Vanquished Creatures (others)
  An ironheart preserver (Vaults:5)
  A war gargoyle (Depths:4)
  The ghost of nubinia the Unseen, a powerful OpWz of Ashenzari (Lair:7)
  An ettin (Vaults:5)
  A minotaur (shapeshifter) (Depths:4)
  2 deep elf high priests (Elf:1 Vaults:5)
  A yaktaur captain (Vaults:5)
  An ogre mage (Vaults:2)
  6 dancing weapons (D:15 Swamp:1 Elf:2 Depths:4)
  58 spectral weapons (Swamp:5 Snake:2 Snake:3 Snake:5 Vaults:1)
  A deep elf knight (Elf:2)
  A wizard (Vaults:2)
  10 ball lightnings (Depths:4)
  A storm dragon skeleton (Vaults:2)
  An obsidian statue (Depths:4)
  2 flayed ghosts (Vaults:5)
  An ugly thing (Depths:4)
  A centaur skeleton (D:14)
  A red draconian zombie (Depths:5)
  A fire vortex (Vaults:5)
  A jumping spider zombie (Depths:5)
  A two-headed ogre (Vaults:5)
  3 blink frogs (Lair:7)
  2 water elementals (Elf:2 Depths:4)
  7 air elementals (Lair:3 Elf:2 Depths:3 Depths:4 Vaults:5)
  2 spriggans (Swamp:5)
  A shadow (D:13)
  3 humans (Swamp:3)
  A mottled dragon (Vaults:2)
  A wolf (IceCv)
  2 deep troll zombies (Depths:5)
  2 nagas (Snake:2 Snake:4)
  A necrophage (Crypt:3)
  3 ogres (Vaults:4 Depths:1)
  A boring beetle (Swamp:5)
  2 wasps (Swamp:5)
  6 lost souls (Elf:3 Crypt:1 Crypt:2 Crypt:3)
  5 killer bees (Lair:6 Swamp:5)
  A wight (Crypt:3)
  A crimson imp (Depths:3)
  A jelly (Slime:5)
  A giant spore (D:7)
  3 butterflies (Vaults:4)
  15 fungi (Lair:3 Lair:4 Lair:5 Lair:7 Lair:8)
  13 plants (Lair:7 Lair:8 Swamp:5 Crypt:3 Depths:1)
172 creatures vanquished.

Grand Total: 3559 creatures vanquished

Notes
Turn   | Place    | Note
--------------------------------------------------------------
     0 | D:1      | stickyfingers, the Spriggan Assassin, began the quest for the Orb.
     0 | D:1      | Reached XP level 1. HP: 10/10 MP: 2/2
   103 | D:1      | Reached XP level 2. HP: 11/14 MP: 3/3
   444 | D:1      | Found a sparkling altar of Nemelex Xobeh.
   455 | D:1      | Became a worshipper of Nemelex Xobeh the Trickster
   545 | D:1      | Received a gift from Nemelex Xobeh
   616 | D:1      | Reached XP level 3. HP: 12/18 MP: 4/4
   987 | D:2      | Found a stormy altar of Qazlal.
   987 | D:2      | Found a burning altar of Makhleb.
   987 | D:2      | Found a snail-covered altar of Cheibriados.
  1291 | D:2      | Found a radiant altar of Vehumet.
  1743 | D:3      | Reached XP level 4. HP: 19/22 MP: 5/5
  1808 | D:3      | Reached skill level 5 in Short Blades
  2079 | D:3      | Received a gift from Nemelex Xobeh
  2597 | D:2      | Reached XP level 5. HP: 23/25 MP: 6/6
  3054 | D:4      | Reached skill level 6 in Short Blades
  3116 | D:4      | Found a sand-covered staircase.
  3121 | Ossuary  | Entered an ossuary
  3663 | Ossuary  | Reached skill level 7 in Short Blades
  3663 | Ossuary  | Reached XP level 6. HP: 30/30 MP: 7/7
  4138 | Ossuary  | Reached skill level 8 in Short Blades
  4269 | Ossuary  | Reached XP level 7. HP: 29/33 MP: 8/8
  4990 | Ossuary  | Reached skill level 9 in Short Blades
  6460 | D:4      | Received a gift from Nemelex Xobeh
  6719 | D:4      | Reached XP level 8. HP: 38/40 MP: 9/9
  6842 | D:5      | Entered Level 5 of the Dungeon
  7224 | D:5      | Identified the Collected Works on Flamy Arcane Weapons
  7390 | D:5      | Found a blossoming altar of Fedhas.
  7390 | D:5      | Received a gift from Nemelex Xobeh
  8047 | D:6      | Reached skill level 5 in Fighting
  8751 | D:6      | Found a sacrificial altar of Ru.
  8757 | D:6      | Received a gift from Nemelex Xobeh
  8848 | D:6      | Acquired Nemelex Xobeh's first power
  8902 | D:6      | Found a staircase to the Ecumenical Temple.
  8915 | Temple   | Entered the Ecumenical Temple
  9072 | D:6      | Received a gift from Nemelex Xobeh
  9234 | D:6      | Learned a level 3 spell: Regeneration
  9237 | D:6      | Learned a level 2 spell: Shroud of Golubria
  9300 | D:6      | Got an iridescent short sword {freeze}
  9566 | D:6      | Noticed Blork the orc
  9616 | D:6      | Killed Blork the orc
  9894 | D:7      | Found Ciggaut's Jewellery Boutique.
 10006 | D:7      | Noticed wotan's ghost (experienced MiBe)
 10272 | D:7      | Killed wotan's ghost
 10272 | D:7      | Reached skill level 11 in Stealth
 10272 | D:7      | Reached XP level 9. HP: 47/47 MP: 10/10
 10459 | D:7      | Found a glowing silver altar of Zin.
 10727 | D:7      | Reached skill level 12 in Stealth
 11070 | D:7      | Received a gift from Nemelex Xobeh
 11072 | D:7      | Identified the +7 short sword of the Apocalypse {freeze, rElec MP+9} (You took it off a hobgoblin on level 6 of the Dungeon)
 11090 | D:7      | Learned a level 1 spell: Summon Butterflies
 11424 | D:8      | Paralysed by a centaur for 3 turns
 11435 | D:8      | Paralysed by a centaur for 4 turns
 11464 | D:8      | Acquired Nemelex Xobeh's second power
 11512 | D:8      | Reached skill level 10 in Short Blades
 11679 | D:8      | Received a gift from Nemelex Xobeh
 11801 | D:8      | Noticed a hill giant
 11928 | D:8      | Killed a hill giant
 11928 | D:8      | Reached XP level 10. HP: 18/51 MP: 11/11
 12209 | D:9      | Reached skill level 1 in Evocations
 12982 | D:9      | Noticed Grum
 13198 | D:9      | Killed Grum
 13198 | D:9      | Reached skill level 5 in Evocations
 14025 | D:10     | Entered Level 10 of the Dungeon
 14217 | D:10     | Reached skill level 10 in Evocations
 14241 | D:10     | Received a gift from Nemelex Xobeh
 14573 | D:10     | Noticed a hill giant
 14578 | D:10     | Killed a hill giant
 14578 | D:10     | Reached skill level 5 in Dodging
 14629 | D:10     | Reached XP level 11. HP: 56/56 MP: 19/19
 14712 | D:10     | Found a staircase to the Lair.
 14998 | D:10     | Found a blossoming altar of Fedhas.
 15116 | D:10     | Noticed a white ugly thing
 15190 | D:10     | Killed a white ugly thing
 15291 | D:10     | Noticed a hill giant
 15388 | D:10     | Killed a hill giant
 15547 | D:10     | Reached skill level 10 in Dodging
 15666 | Lair:1   | Entered Level 1 of the Lair of Beasts
 15819 | Lair:1   | Acquired Nemelex Xobeh's third power
 16248 | Lair:1   | Received a gift from Nemelex Xobeh
 16553 | Lair:1   | Reached skill level 13 in Dodging
 17171 | Lair:2   | Reached skill level 14 in Dodging
 17490 | Lair:2   | Noticed Harold
 17491 | Lair:2   | Received a gift from Nemelex Xobeh
 17511 | Lair:2   | Killed Harold
 17511 | Lair:2   | Reached XP level 12. HP: 60/60 MP: 20/20
 17813 | Lair:2   | Noticed Nergalle
 18598 | Lair:2   | Killed Nergalle
 18777 | Lair:3   | Reached skill level 15 in Stealth
 18842 | Lair:3   | Received a gift from Nemelex Xobeh
 18939 | Lair:3   | Noticed a seven-headed hydra
 19076 | Lair:3   | Received a gift from Nemelex Xobeh
 19093 | Lair:3   | Found a staircase to the Snake Pit.
 19136 | Lair:3   | Noticed an ice dragon
 19136 | Lair:3   | a seven-headed hydra changed into an ice dragon
 19193 | Lair:3   | Killed an ice dragon
 19529 | Lair:4   | Reached skill level 1 in Charms
 19529 | Lair:4   | Reached skill level 1 in Translocations
 19559 | Lair:4   | Noticed a seven-headed hydra
 19633 | Lair:4   | Reached skill level 1 in Spellcasting
 19640 | Lair:4   | Reached skill level 1 in Summonings
 19640 | Lair:4   | Reached skill level 1 in Necromancy
 19794 | Lair:4   | Learned a level 2 spell: Blink
 19797 | Lair:4   | Learned a level 2 spell: Repel Missiles
 19801 | Lair:4   | Learned a level 3 spell: Mephitic Cloud
 19904 | Lair:4   | Reached skill level 1 in Air Magic
 19921 | Lair:4   | Reached skill level 1 in Poison Magic
 20174 | Lair:4   | Reached skill level 1 in Conjurations
 20632 | Lair:4   | Noticed a four-headed hydra
 20736 | Lair:4   | Killed a four-headed hydra
 20808 | Lair:4   | Reached XP level 13. HP: 64/64 MP: 23/23
 20840 | Lair:4   | Killed a seven-headed hydra
 20948 | Lair:4   | Received a gift from Nemelex Xobeh
 21026 | Lair:4   | Noticed Rupert
 21030 | Lair:4   | Killed Rupert
 21287 | Lair:5   | Received a gift from Nemelex Xobeh
 21951 | Lair:5   | Reached skill level 5 in Spellcasting
 22700 | Lair:6   | Received a gift from Nemelex Xobeh
 22883 | Lair:6   | Reached skill level 5 in Charms
 23182 | Lair:6   | Found a staircase to the Swamp.
 23339 | Lair:7   | Found a runed door.
 23339 | Lair:7   | Found a viscous altar of Jiyva.
 23339 | Lair:7   | Found a staircase to the Slime Pits.
 23461 | Lair:7   | Noticed nubinia's ghost (powerful OpWz)
 23503 | Lair:7   | Received a gift from Nemelex Xobeh
 23559 | Lair:7   | Killed nubinia's ghost
 24976 | Lair:7   | Received a gift from Nemelex Xobeh
 25255 | Lair:8   | Entered Level 8 of the Lair of Beasts
 25260 | Lair:8   | Reached XP level 14. HP: 69/69 MP: 27/27
 25604 | Lair:8   | Received a gift from Nemelex Xobeh
 27239 | Lair:8   | Received a gift from Nemelex Xobeh
 27419 | Lair:8   | Gained mutation: You are frail (-10% HP). [helix card]
 27425 | Lair:8   | Reached skill level 10 in Fighting
 27848 | D:11     | Reached skill level 1 in Shields
 27859 | D:11     | Found a stormy altar of Qazlal.
 27898 | D:11     | Found an ancient bone altar of Kikubaaqudgha.
 27898 | D:11     | Noticed Psyche
 27923 | D:11     | Killed Psyche
 28644 | D:11     | Received a gift from Nemelex Xobeh
 28768 | D:11     | Found a staircase to the Orcish Mines.
 29151 | Orc:1    | Entered Level 1 of the Orcish Mines
 29154 | Orc:1    | Noticed Gastronok
 29305 | Orc:1    | Killed Gastronok
 29739 | Orc:2    | Noticed Urug
 29775 | Orc:2    | Killed Urug
 29856 | Orc:3    | Received a gift from Nemelex Xobeh
 30740 | Orc:3    | Reached XP level 15. HP: 59/72 MP: 28/28
 30861 | Orc:2    | Received a gift from Nemelex Xobeh
 31052 | Orc:2    | Noticed Maurice
 31062 | Orc:2    | Noticed Fusha's ghost (powerful DDEE)
 31127 | Orc:2    | Killed Maurice
 31339 | Orc:2    | Killed Fusha's ghost
 31339 | Orc:2    | Reached skill level 5 in Shields
 31603 | Orc:2    | Found Yfuedeiw's Armour Shop.
 31605 | Orc:2    | Received a gift from Nemelex Xobeh
 31842 | Orc:4    | Entered Level 4 of the Orcish Mines
 31845 | Orc:4    | Found a staircase to the Elven Halls.
 32067 | Orc:4    | Found a roughly hewn altar of Beogh.
 32156 | Orc:4    | Found a roughly hewn altar of Beogh.
 32214 | Orc:4    | Found Kuish's Assorted Antiques.
 32239 | Orc:4    | Bought a scroll labeled IRIPSOICULL for 21 gold pieces
 32239 | Orc:4    | Bought an ivory ring for 105 gold pieces
 32239 | Orc:4    | Bought a scroll labeled ACLOYV UPIAC for 21 gold pieces
 32399 | Orc:4    | Found a roughly hewn altar of Beogh.
 32399 | Orc:4    | Found Qexy's General Store.
 32506 | Orc:4    | Bought a slice of pizza for 19 gold pieces
 32528 | Orc:4    | Received a gift from Nemelex Xobeh
 32562 | Orc:4    | Found a roughly hewn altar of Beogh.
 32630 | Orc:4    | Found a roughly hewn altar of Beogh.
 32764 | Orc:4    | Noticed Donald
 32770 | Orc:4    | Killed Donald
 33954 | Orc:4    | Found a roughly hewn altar of Beogh.
 33956 | Orc:4    | Found Esutonal's Antique Weapon Emporium.
 33961 | Orc:4    | Found Xaywk's Antique Armour Shoppe.
 34027 | Orc:4    | Found a roughly hewn altar of Beogh.
 34034 | Orc:4    | Found Kuxamer's Antique Weapon Shop.
 34109 | Orc:4    | Bought a scroll of fog for 42 gold pieces
 34109 | Orc:4    | Bought a leatherbound book for 315 gold pieces
 34113 | Orc:4    | Learned a level 3 spell: Flight
 34364 | D:10     | Noticed a hill giant
 34409 | D:10     | Killed a hill giant
 35076 | D:12     | Received a gift from Nemelex Xobeh
 36201 | D:13     | Found a gate to the Vaults.
 36710 | D:13     | Found a runed door.
 37320 | D:13     | Found Hawkio's Armour Boutique.
 37331 | D:13     | Received a gift from Nemelex Xobeh
 37460 | D:14     | Noticed Roxanne
 37524 | D:14     | Received a gift from Nemelex Xobeh
 37548 | D:14     | Noticed Azrael
 37562 | D:14     | Noticed Maud
 37569 | D:14     | Killed Maud
 37569 | D:14     | Reached skill level 16 in Stealth
 37586 | D:14     | Found a frozen archway.
 37869 | IceCv    | Entered an ice cave
 38158 | IceCv    | Reached skill level 17 in Stealth
 38335 | IceCv    | Reached XP level 16. HP: 61/76 MP: 29/29
 38778 | IceCv    | Reached skill level 18 in Stealth
 38797 | IceCv    | Noticed Nebulous's ghost (powerful VSFi)
 38802 | IceCv    | Killed Nebulous's ghost
 39517 | D:14     | Killed Azrael
 39517 | D:14     | Reached skill level 15 in Dodging
 39905 | D:14     | Killed Roxanne
 40007 | D:14     | Received a gift from Nemelex Xobeh
 40322 | D:15     | Entered Level 15 of the Dungeon
 40483 | D:15     | Found Itryapleli's Antique Weapon Emporium.
 40491 | D:15     | Bought an ichor-stained rapier for 297 gold pieces
 40836 | D:15     | Received a gift from Nemelex Xobeh
 40912 | D:15     | Found a staircase to the Depths.
 41216 | D:15     | Lost mutation: You are frail (-10% HP). [helix card]
 41805 | Swamp:1  | Entered Level 1 of the Swamp
 41805 | Swamp:1  | Received a gift from Nemelex Xobeh
 42239 | Swamp:1  | You fall through a shaft!
 42395 | Swamp:1  | Noticed Nikola
 42433 | Swamp:1  | Killed Nikola
 42731 | Swamp:2  | Identified a scroll of acquirement
 43430 | Swamp:2  | Received a gift from Nemelex Xobeh
 43727 | Swamp:3  | Noticed Kirke
 43735 | Swamp:3  | Killed Kirke
 44592 | Swamp:4  | Reached XP level 17. HP: 89/89 MP: 30/30
 44649 | Swamp:4  | Received a gift from Nemelex Xobeh
 45010 | Elf:1    | Entered Level 1 of the Elven Halls
 45399 | Elf:1    | Reached skill level 15 in Evocations
 45417 | Elf:1    | Received a gift from Nemelex Xobeh
 46010 | Elf:1    | Received a gift from Nemelex Xobeh
 46416 | Elf:2    | Reached skill level 19 in Stealth
 46425 | Elf:2    | Found a glowing silver altar of Zin.
 46614 | Elf:2    | Received a gift from Nemelex Xobeh
 46650 | Elf:2    | Identified the Grimoire of Enchanting Creation (You found it on level 2 of the Elven Halls)
 46754 | Elf:2    | Found a huge runed gate.
 46754 | Elf:2    | Found a huge runed gate.
 46754 | Elf:2    | Found a huge runed gate.
 46754 | Elf:2    | Found a huge runed gate.
 46755 | Elf:2    | Found a huge runed gate.
 47108 | Elf:2    | Reached skill level 20 in Stealth
 47323 | Elf:2    | Received a gift from Nemelex Xobeh
 48074 | Lair:2   | Learned a level 3 spell: Spectral Weapon
 48146 | Lair:2   | Gained mutation: You are weak. (Str -2) [potion of mutation]
 48146 | Lair:2   | Gained mutation: You are agile. (Dex +2) [potion of mutation]
 48147 | Lair:2   | Gained mutation: Your spells are a little easier to cast, but a little less powerful. [potion of mutation]
 48147 | Lair:2   | Lost mutation: You are weak. (Str -2) [potion of mutation]
 48147 | Lair:2   | Gained mutation: You have a pair of small antennae on your head. [potion of mutation]
 48148 | Lair:2   | Gained mutation: You can breathe flames. [potion of mutation]
 48149 | Lair:2   | Lost mutation: You can breathe flames. [helix card]
 48415 | Swamp:4  | Found a deep blue altar of Sif Muna.
 48440 | Swamp:4  | Reached skill level 21 in Stealth
 48519 | Swamp:4  | Received a gift from Nemelex Xobeh
 48893 | Swamp:5  | Entered Level 5 of the Swamp
 49072 | Swamp:5  | Noticed hulla's ghost (mighty OpEE)
 49253 | Swamp:5  | Killed hulla's ghost
 49484 | Swamp:5  | Received a gift from Nemelex Xobeh
 49702 | Swamp:5  | Got a decaying rune of Zot
 49812 | Swamp:5  | HP: 1/89 [seven-headed hydra (10)]
 50062 | Swamp:5  | Reached XP level 18. HP: 42/95 MP: 22/31
 50470 | Snake:1  | Entered Level 1 of the Snake Pit
 50564 | Snake:1  | Received a gift from Nemelex Xobeh
 50782 | Snake:1  | Found a flickering gateway to a bazaar.
 50835 | Bazaar   | Entered a bazaar
 50839 | Bazaar   | Found Diqobbesk's General Store.
 50857 | Bazaar   | Found Mocw's Gadget Emporium.
 50874 | Bazaar   | Found Uhak's Book Boutique.
 50891 | Bazaar   | Found Buol's Antique Armour Shoppe.
 50896 | Bazaar   | Bought a glowing cloak for 85 gold pieces
 50896 | Bazaar   | Bought a runed robe for 13 gold pieces
 50896 | Bazaar   | Bought an embroidered cloak for 85 gold pieces
 50913 | Bazaar   | Bought a potion of curing for 21 gold pieces
 50913 | Bazaar   | Bought a scroll of enchant armour for 52 gold pieces
 50913 | Bazaar   | Bought a scroll of teleportation for 21 gold pieces
 50913 | Bazaar   | Bought 2 scrolls of identify for 28 gold pieces
 50913 | Bazaar   | Bought 4 fruits for 42 gold pieces
 50913 | Bazaar   | Bought a scroll of fog for 14 gold pieces
 50913 | Bazaar   | Bought a scroll of enchant armour for 52 gold pieces
 50929 | Bazaar   | Bought a plain deck of wonders for 252 gold pieces
 50940 | Bazaar   | Lost mutation: You are agile. (Dex +2) [helix card]
 50940 | Bazaar   | Gained mutation: You expend magic power (3 MP) to strengthen your wands. [helix card]
 50956 | Bazaar   | Bought a book of Enchantments for 450 gold pieces
 51015 | Bazaar   | Learned a level 6 spell: Haste
 51286 | Snake:1  | Received a gift from Nemelex Xobeh
 51401 | Snake:1  | You fall through a shaft!
 52007 | Snake:2  | Received a gift from Nemelex Xobeh
 52016 | Snake:2  | Found a basalt altar of Yredelemnul.
 52366 | Snake:2  | Received a gift from Nemelex Xobeh
 52544 | Snake:2  | Received a gift from Nemelex Xobeh
 53468 | Snake:3  | Got a scintillating turquoise ring
 53470 | Snake:3  | Identified the ring "Xeurivui" {rElec AC+3} (You found it on level 3 of the Snake Pit)
 53715 | Snake:3  | Received a gift from Nemelex Xobeh
 54554 | Lair:2   | Identified the +10 rapier "Ijonwe" {vamp, rN+ MR++} (You bought it in a shop on level 15 of the Dungeon)
 54812 | Snake:4  | Received a gift from Nemelex Xobeh
 54814 | Snake:4  | Found Suckyph's Distillery.
 54960 | Snake:4  | Received a gift from Nemelex Xobeh
 54999 | Snake:4  | Reached skill level 1 in Hexes
 55509 | Snake:5  | Entered Level 5 of the Snake Pit
 55568 | Snake:5  | Received a gift from Nemelex Xobeh
 55854 | Snake:5  | Reached skill level 10 in Charms
 56227 | Snake:5  | Reached skill level 10 in Spellcasting
 56312 | Snake:5  | Reached XP level 19. HP: 103/103 MP: 34/34
 56460 | Snake:5  | Noticed Aizul
 56467 | Snake:5  | Killed Aizul
 56603 | Snake:5  | Received a gift from Nemelex Xobeh
 57414 | Snake:5  | Got a serpentine rune of Zot
 58250 | Elf:3    | Entered Level 3 of the Elven Halls
 59231 | Elf:3    | Noticed Louise
 59258 | Elf:3    | Killed Louise
 59327 | Elf:3    | Reached skill level 15 in Fighting
 59390 | Elf:3    | Received a gift from Nemelex Xobeh
 59752 | Elf:3    | Got a polished dagger
 59927 | Elf:3    | Reached XP level 20. HP: 100/113 MP: 31/35
 60060 | Elf:3    | Identified the Volume of Flying Enhancements
 60147 | Elf:3    | Learned a level 3 spell: Ozocubu's Armour
 60154 | Elf:3    | Learned a level 6 spell: Deflect Missiles
 60211 | Elf:3    | Identified the +8 dagger "Ociefyma" {flame, Int+4 Dex+7} (You took it off a deep elf annihilator on level 3 of the Elven Halls)
 60267 | Elf:3    | Drew Focus: Dex increased to 24, Str decreased to 6
 60269 | Elf:3    | Drew Focus: Dex increased to 25, Str decreased to 5
 60272 | Elf:3    | Got a fine robe
 60283 | Elf:3    | Identified the +0 robe "Pashriehiuv" {MR+ Dex+3 SInv} (You took it off a deep elf sorcerer on level 3 of the Elven Halls)
 60409 | Elf:3    | Got a glittering steel ring
 60411 | Elf:3    | Identified the ring "Japlinog" {SustAb rN+} (You took it off a deep elf annihilator on level 3 of the Elven Halls)
 60544 | Elf:3    | Reached skill level 5 in Air Magic
 61382 | Vaults:1 | Entered Level 1 of the Vaults
 61481 | Vaults:1 | Received a gift from Nemelex Xobeh
 61986 | Vaults:1 | Received a gift from Nemelex Xobeh
 63113 | Vaults:2 | Received a gift from Nemelex Xobeh
 63328 | Vaults:2 | Found Zewkomn Fecs's Magic Scroll Shoppe.
 63611 | Vaults:2 | Received a gift from Nemelex Xobeh
 63636 | Vaults:2 | Found Pesuir's Food Shop.
 63655 | Vaults:2 | Bought a fruit for 19 gold pieces
 63844 | Vaults:2 | Received a gift from Nemelex Xobeh
 63848 | Vaults:2 | Found Pojej's Antique Weapon Emporium.
 63979 | Vaults:2 | Got a slimy robe
 64010 | Vaults:2 | Identified the +2 robe "Ubugud" {rPois Str+2 Slay+3 Stlth+} (You found it on level 2 of the Vaults)
 64013 | Vaults:2 | Identified Saserph's Compendium of Sinister Arts (You found it on level 2 of the Vaults)
 64017 | Vaults:2 | Learned a level 2 spell: Corpse Rot
 64022 | Vaults:2 | Learned a level 4 spell: Animate Dead
 64047 | Vaults:2 | Got a warped bronze ring
 64049 | Vaults:2 | Identified the ring of Trepidation {rF+ Str+2} (You found it on level 2 of the Vaults)
 64227 | Vaults:2 | Reached skill level 1 in Ice Magic
 65254 | Vaults:3 | Received a gift from Nemelex Xobeh
 65325 | Vaults:3 | Found a staircase to the Crypt.
 65338 | Vaults:3 | Noticed Sojobo
 65529 | Vaults:3 | Reached XP level 21. HP: 96/117 MP: 15/38
 65888 | Vaults:3 | Received a gift from Nemelex Xobeh
 66283 | Vaults:3 | Killed Sojobo
 66403 | Vaults:3 | Reached skill level 22 in Dodging
 66709 | Vaults:3 | Received a gift from Nemelex Xobeh
 66971 | Vaults:4 | Found Qagy's Assorted Antiques.
 67027 | Vaults:4 | Received a gift from Nemelex Xobeh
 67381 | Vaults:4 | Noticed Saint Roka
 67647 | Vaults:4 | Killed Saint Roka
 68799 | Crypt:1  | Entered Level 1 of the Crypt
 68868 | Crypt:1  | Received a gift from Nemelex Xobeh
 68869 | Crypt:1  | Noticed Mara
 68898 | Crypt:1  | Noticed Mara
 68898 | Crypt:1  | Mara changed into Mara the hellephant
 68906 | Crypt:1  | Killed Mara the hellephant
 69815 | Crypt:2  | Received a gift from Nemelex Xobeh
 69892 | Crypt:2  | Reached XP level 22. HP: 121/127 MP: 39/39
 70398 | Crypt:2  | Received a gift from Nemelex Xobeh
 70459 | Crypt:3  | Entered Level 3 of the Crypt
 70506 | Crypt:3  | Received a gift from Nemelex Xobeh
 71502 | Crypt:3  | Found an ancient bone altar of Kikubaaqudgha.
 72036 | Crypt:3  | Noticed an ancient lich
 72349 | Crypt:3  | Found a staircase to the Tomb.
 72755 | Crypt:3  | Killed an ancient lich
 72762 | Crypt:3  | Identified Niol's Disquisition on Unholy Arts
 72820 | Crypt:3  | Drew Focus: Dex increased to 27, Str decreased to 4
 73499 | Lair:2   | Identified a +2 rod of ignition (11/11) {!a} (You took it off a vampire knight on level 3 of the Crypt)
 73509 | Lair:2   | Learned a level 4 spell: Control Teleport
 74011 | Depths:1 | Entered Level 1 of the Depths
 74011 | Depths:1 | Received a gift from Nemelex Xobeh
 74226 | Depths:1 | HP: 6/130 [deep troll earth mage/blast of crystal shards (31)]
 74228 | Depths:1 | HP: 1/130 [something/blast of crystal shards (26)]
 74423 | Depths:1 | Found Niggippo's Blood Bar.
 74757 | Depths:1 | Found a gateway to Hell.
 74793 | Hell     | Entered the Vestibule of Hell
 74793 | Hell     | Noticed Geryon
 74864 | Depths:1 | Reached skill level 23 in Stealth
 75199 | Depths:2 | Received a gift from Nemelex Xobeh
 75604 | Depths:1 | Reached XP level 23. HP: 104/134 MP: 34/40
 75903 | Depths:2 | Reached skill level 24 in Stealth
 76001 | Depths:2 | Found a one-way gate leading to the halls of Pandemonium.
 76253 | Depths:2 | Received a gift from Nemelex Xobeh
 76278 | Depths:2 | Found a gateway to a ziggurat.
 76696 | Depths:3 | Received a gift from Nemelex Xobeh
 76741 | Depths:3 | Reached skill level 25 in Stealth
 76786 | Depths:3 | Reached skill level 1 in Armour
 77549 | Depths:2 | Reached skill level 5 in Armour
 77624 | Depths:3 | Got a warped troll leather armour
 77647 | Depths:3 | Identified the +3 troll leather armour of Wasted Space {MR++ Regen+ rCorr} (You acquired it on level 3 of the Depths)
 78401 | Depths:3 | Lost mutation: You expend magic power (3 MP) to strengthen your wands. [helix card]
 78405 | Depths:3 | Lost mutation: You have a pair of small antennae on your head. [helix card]
 78471 | Depths:3 | Received a gift from Nemelex Xobeh
 78504 | Depths:3 | Noticed Mennas
 78544 | Depths:3 | Killed Mennas
 78715 | Depths:3 | Found a one-way gate to the infinite horrors of the Abyss.
 79069 | Depths:3 | Noticed an ancient lich
 79073 | Depths:3 | Killed an ancient lich
 79171 | Depths:3 | Lost mutation: Your spells are a little easier to cast, but a little less powerful. [helix card]
 79182 | Depths:3 | Got a shimmering tin amulet
 79186 | Depths:3 | Got a slimy gossamer ring
 79188 | Depths:3 | Identified the ring of Pihur {MR+ MP+9 SInv} (You found it on level 3 of the Depths)
 79236 | Depths:3 | Identified the amulet "Caidd" {Ward rN+ Dex+4} (You found it on level 3 of the Depths)
 79888 | Depths:4 | Noticed Frederick
 79968 | Depths:4 | Killed Frederick
 79968 | Depths:4 | Reached XP level 24. HP: 138/138 MP: 29/40
 80151 | Depths:4 | Received a gift from Nemelex Xobeh
 81365 | Depths:4 | Identified Lehudib's Reference Book on Noxious Conjuration
 81897 | Depths:4 | Gained mutation: You are dopey. (Int -2) [potion of mutation]
 81897 | Depths:4 | Gained mutation: You are partially covered in rugged brown scales (AC +1, +3% HP). [potion of mutation]
 81897 | Depths:4 | Gained mutation: You are partially covered in slimy green scales (AC +2). [potion of mutation]
 81898 | Depths:4 | Gained mutation: You are resistant to hostile enchantments. [potion of mutation]
 81898 | Depths:4 | Gained mutation: You heal slowly when monsters are visible. [potion of mutation]
 81898 | Depths:4 | Gained mutation: You are very dopey. (Int -4) [potion of mutation]
 81899 | Depths:4 | Gained mutation: Your flesh is heat resistant. [potion of mutation]
 81899 | Depths:4 | Gained mutation: You are partially covered in molten scales (AC +1). [potion of mutation]
 81899 | Depths:4 | Lost mutation: You are very dopey. (Int -4) [potion of mutation]
 81944 | Depths:5 | Entered Level 5 of the Depths
 81944 | Depths:5 | Received a gift from Nemelex Xobeh
 82142 | Depths:5 | Reached skill level 15 in Charms
 82444 | Depths:5 | Found a gate to the Realm of Zot.
 82825 | Depths:5 | Received a gift from Nemelex Xobeh
 83553 | Orc:4    | Bought 4 fruits for 78 gold pieces
 83553 | Orc:4    | Bought a scroll of brand weapon for 260 gold pieces
 83924 | Slime:1  | Entered Level 1 of the Pits of Slime
 84387 | Slime:2  | Received a gift from Nemelex Xobeh
 84570 | Slime:4  | Received a gift from Nemelex Xobeh
 84656 | Slime:4  | Reached XP level 25. HP: 148/148 MP: 40/40
 85719 | Slime:2  | Received a gift from Nemelex Xobeh
 86255 | Slime:5  | Received a gift from Nemelex Xobeh
 86289 | Slime:5  | Noticed Dissolution
 86695 | Slime:5  | Received a gift from Nemelex Xobeh
 87009 | Slime:5  | Killed Dissolution
 87075 | Slime:6  | Entered Level 6 of the Pits of Slime
 87471 | Slime:6  | Received a gift from Nemelex Xobeh
 87661 | Slime:6  | Found a viscous altar of Jiyva.
 87662 | Slime:6  | Noticed the royal jelly
 87682 | Slime:6  | Killed the royal jelly
 87818 | Slime:6  | Got an ancient platinum amulet
 87841 | Slime:6  | Got a slimy rune of Zot
 87915 | Slime:6  | Identified the amulet "Kiolyot" {Clar +Blink rPois rC- MR+} (You found it on level 6 of the Pits of Slime)
 87977 | Slime:6  | Learned a level 1 spell: Apportation
 88338 | Lair:2   | Learned a level 5 spell: Warp Weapon
 88572 | Vaults:5 | Entered Level 5 of the Vaults
 88979 | Vaults:5 | Reached XP level 26. HP: 149/153 MP: 39/40
 89063 | Vaults:5 | Reached skill level 26 in Charms
 89210 | Vaults:5 | Identified the Reference Book on Flying Snow (You found it on level 5 of the Vaults)
 89261 | Vaults:5 | Noticed an ancient lich
 89372 | Vaults:5 | Killed an ancient lich
 89378 | Vaults:5 | Noticed Boris
 89710 | Vaults:5 | Got a warped cloak
 89721 | Vaults:5 | Identified the cursed -5 cloak "Feunluu" {rF++ rN+} (You found it on level 5 of the Vaults)
 89747 | Vaults:5 | Reached skill level 27 in Charms
 89792 | Vaults:5 | Got a shimmering lapis lazuli ring
 89794 | Vaults:5 | Identified the ring "Negaxkex" {rF+ rC- Str+2 Int+3 Stlth+} (You took it off a vault guard on level 5 of the Vaults)
 89812 | Vaults:5 | Received a gift from Nemelex Xobeh
 89885 | Vaults:5 | Reached skill level 5 in Necromancy
 90362 | Vaults:5 | Noticed Xtahua
 90397 | Vaults:5 | Killed Xtahua
 90723 | Vaults:5 | Killed Boris
 90723 | Vaults:5 | Reached skill level 10 in Necromancy
 90781 | Vaults:5 | Got a silver rune of Zot
 90819 | Vaults:5 | Received a gift from Nemelex Xobeh
 90846 | Vaults:5 | Gained mutation: You can spit weak poison. [potion of beneficial mutation]
 91164 | Vaults:5 | Identified a +2 rod of shadows (4/10) {!a} (You took it off an ironheart preserver on level 5 of the Vaults)
 91607 | Vaults:2 | Bought a bread ration for 65 gold pieces
 91607 | Vaults:2 | Bought a bread ration for 65 gold pieces
 91607 | Vaults:2 | Bought a bread ration for 65 gold pieces
 91887 | Lair:2   | Learned a level 5 spell: Dispel Undead
 92059 | Depths:3 | Noticed the Enchantress
 92092 | Depths:3 | Killed the Enchantress
 92427 | Depths:3 | Got a faerie dragon armour
 92571 | Lair:2   | Identified the +4 faerie dragon armour {rN+++ Int-4 Dex+5 Slay+2} (You took it off the Enchantress on level 3 of the Depths)
 92894 | Zot:1    | Entered Level 1 of the Realm of Zot
 93308 | Zot:2    | Received a gift from Nemelex Xobeh
 93468 | Zot:1    | Reached XP level 27. HP: 152/158 MP: 39/40
 93833 | Zot:4    | Received a gift from Nemelex Xobeh
 95080 | Zot:5    | Entered Level 5 of the Realm of Zot
 95331 | Zot:5    | Noticed an ancient lich
 95372 | Zot:5    | Killed an ancient lich
 95557 | Zot:5    | Noticed an orb of fire
 95557 | Zot:5    | Noticed an ancient lich
 95616 | Zot:5    | Noticed an ancient lich
 95620 | Zot:5    | Killed an ancient lich
 95629 | Zot:5    | Noticed an ancient lich
 95636 | Zot:5    | Killed an ancient lich
 95637 | Zot:5    | Received a gift from Nemelex Xobeh
 95738 | Zot:5    | Noticed an orb of fire
 95820 | Zot:5    | Killed an orb of fire
 95891 | Zot:5    | Identified a +1 rod of clouds (13/13) (You found it on level 5 of the Realm of Zot)
 95945 | Zot:5    | Noticed an orb of fire
 96009 | Zot:5    | Killed an orb of fire
 96184 | Zot:5    | Got the Orb of Zot
 96394 | Depths:4 | Noticed Cass the pandemonium lord
 96447 | Depths:5 | Noticed Kaofrarr the pandemonium lord
 96454 | Depths:5 | Noticed Covya the pandemonium lord
 96720 | D:$      | Escaped with the Orb!

Action                   |  1- 3 |  4- 6 |  7- 9 | 10-12 | 13-15 | 16-18 | 19-21 | 22-24 | 25-27 || total
-------------------------+-------+-------+-------+-------+-------+-------+-------+-------+-------++-------
Melee: Dagger            |   276 |    95 |   178 |   100 |    37 |     1 |       |       |       ||   687
       Short sword       |       |       |    27 |   871 |  2239 |  1459 |       |       |       ||  4596
       Quick blade       |       |       |       |       |       |  1487 |  2516 |  3835 |  3313 || 11151
 Fire: Blowgun           |     2 |       |    11 |   124 |   275 |    13 |    25 |     1 |     9 ||   460
       Hunting sling     |       |   182 |   656 |   141 |    59 |   321 |       |     5 |       ||  1364
Throw: Stone             |       |       |       |     1 |       |     1 |     1 |       |     2 ||     5
 Cast: Regeneration      |       |       |       |     1 |    24 |    43 |    75 |   119 |    81 ||   343
       Repel Missiles    |       |       |       |     1 |     3 |     6 |     8 |       |       ||    18
       Mephitic Cloud    |       |       |       |       |    61 |    42 |    41 |     4 |       ||   148
       Flight            |       |       |       |       |       |     9 |     3 |    14 |     4 ||    30
       Spectral Weapon   |       |       |       |       |       |    18 |    45 |    66 |    46 ||   175
       Shroud of Golubri |       |       |       |       |       |     3 |     2 |     8 |    18 ||    31
       Blink             |       |       |       |       |       |     1 |       |     4 |     9 ||    14
       Ozocubu's Armour  |       |       |       |       |       |       |    25 |    65 |    79 ||   169
       Deflect Missiles  |       |       |       |       |       |       |     6 |     5 |     6 ||    17
       Haste             |       |       |       |       |       |       |       |     4 |     7 ||    11
       Summon Butterflie |       |       |       |       |       |       |       |     2 |       ||     2
       Control Teleport  |       |       |       |       |       |       |       |     2 |     1 ||     3
       Animate Dead      |       |       |       |       |       |       |       |     1 |       ||     1
       Apportation       |       |       |       |       |       |       |       |       |    11 ||    11
       Dispel Undead     |       |       |       |       |       |       |       |       |     4 ||     4
       Corpse Rot        |       |       |       |       |       |       |       |       |     3 ||     3
Invok: Stack Five        |       |       |       |       |       |     1 |     2 |       |       ||     3
       Triple Draw       |       |       |       |       |       |       |     1 |     3 |     1 ||     5
 Abil: Evoke Teleportati |       |       |       |       |       |       |       |     2 |     1 ||     3
Evoke: Deck              |       |       |     7 |    14 |    34 |    84 |    43 |    72 |    17 ||   271
       Wand              |       |       |       |       |     5 |     2 |     4 |     4 |    20 ||    35
       Box of beasts     |       |       |       |       |     2 |       |       |       |       ||     2
       Phial of floods   |       |       |       |       |       |     1 |       |       |       ||     1
       Fan of gales      |       |       |       |       |       |     1 |       |       |       ||     1
       Rod               |       |       |       |       |       |       |       |       |     5 ||     5
  Use: Scroll            |       |     7 |     9 |     7 |     8 |    28 |     5 |    18 |    28 ||   110
       Potion            |       |       |     1 |       |       |     4 |       |     3 |     5 ||    13
 Stab: Sleeping          |    15 |     1 |     9 |    41 |   112 |    94 |    96 |   140 |   106 ||   614
       Distracted        |       |     1 |       |    17 |    25 |    21 |    34 |    57 |    52 ||   207
       Confused          |       |       |       |       |    73 |    52 |    36 |     2 |       ||   163
       Fleeing           |       |       |       |       |     2 |       |       |       |       ||     2
  Eat: Bread ration      |       |     1 |       |       |       |       |       |     1 |     6 ||     8
       Fruit             |       |       |     2 |     1 |       |    23 |    23 |    29 |     2 ||    80
       Pizza             |       |       |     2 |       |     4 |     2 |       |     2 |       ||    10
       Royal jelly       |       |       |       |     3 |     9 |       |       |       |       ||    12

Vault maps used:
D:1:      dpeg_arrival_windows_large_door, nemelex_deck
D:2:      vehumet_crystals, gammafunk_temple_overflow_forgotten, serial_forest,
          infiniplex_forest_lined_2, infiniplex_forest_end_3,
          infiniplex_forest_corner_1, infiniplex_forest_clump_medium,
          infiniplex_forest_clump_long, infiniplex_forest_lined_ring,
          infiniplex_forest_corner_1, infiniplex_forest_lined_room_3
D:3:      first_bread
D:4:      nicolae_ossuary_entry_ruins
D:5:      fedhas_altar_4
D:6:      overflow_temple_1_default, temple_doors_e, uniq_blork_the_orc
D:7:      old_standard_altar, serial_shops, shop
D:9:      corexii_shack_village, uniq_grum
D:10:     erik_lair_island, hangedman_tree_tricks
D:11:     basic_altar, grunt_qazlal_sundering, uniq_psyche
D:13:     lightli_vaults_fourway_checkpoint, serial_shops,
          nicolae_shop_window_shopping, wad_hexagon
D:14:     minmay_misc_feat_plants, portal_ice_cave_entry_ice_beasts,
          elves_outpost_lemuel, uniq_maud, uniq_azrael, uniq_roxanne
D:15:     hangedman_depths_entry_try_elsewhere_first, serial_shops, shop,
          abandoned_shop
Temple:   nicolae_temple_no_exploring_needed
Lair:1:   serial_bayou_shore_a, grunt_megastairs_2
Lair:2:   beast_lair_carwin_4, uniq_nergalle, uniq_harold
Lair:3:   guppyfry_snake_entry_garden, infiniplex_staircase_pool_2
Lair:4:   lemuel_fruit_tree, uniq_rupert
Lair:5:   grunt_forest_large_clearings
Lair:6:   nicolae_swamp_entry_splash_gauntlet
Lair:7:   slime_altar_2, serial_bayou_pond_a
Lair:8:   minmay_lair_end_enchanted_forest
Swamp:1:  evilmike_swamp_ruin_house_6, uniq_nikola
Swamp:2:  hangedman_swamp_ruin_wall
Swamp:3:  evilmike_swamp_ruin_house_3, uniq_kirke
Swamp:4:  basic_altar
Swamp:5:  swamp
Snake:1:  serial_shops, bzr_entry_water
Snake:2:  basic_altar, st_stairs_5
Snake:3:  serial_bayou_pond_e
Snake:4:  serial_shops, shop, spider_trap
Snake:5:  snake_pit_salamanders_mu, uniq_aizul
Slime:4:  cheibrodos_slime_lost_civilization_4
Slime:5:  uniq_dissolution
Orc:1:    nicolae_orc_bridge_out, uniq_gastronok
Orc:2:    serial_shops, shop, uniq_urug, uniq_maurice
Orc:3:    nicolae_orc_accident_3, nicolae_orc_pool_cavern
Orc:4:    grunt_orc_community_town_hall, grunt_orc_community_big_house_2,
          grunt_orc_community_big_house_1, grunt_orc_community_house_1,
          grunt_orc_community_house_3, grunt_orc_community_house_3,
          grunt_orc_community_house_1, grunt_orc_community_house_1,
          grunt_orc_community_house_1, basic_altar, serial_shops, shop,
          uniq_donald
Elf:1:    kennysheep_underground_church
Elf:2:    basic_altar
Elf:3:    nooodl_elf_gasket, uniq_louise
Vaults:1: nicolae_vaults_lopsided_apartments, grunt_vaults_trifunnel,
          ontoclasm_vaults_loading_screen, v_misc_19, v_rooms_2,
          nicolae_vaults_asterisk, grunt_vaults_focal, nicolae_vaults_big_ls,
          nicolae_vaults_yaktaur_gun_rack, v_misc_2,
          ontoclasm_vaults_decontamination, vaults_room_grunt_arrival_checkpoint
Vaults:2: ontoclasm_vaults_fault, dpeg_vaults_monster_row, v_alt_pattern_2,
          nicolae_vaults_circle_grid_b, st_octagons_1,
          hangedman_vaults_stitches, v_alt_pattern_6, ontoclasm_vaults_chip,
          vaults_mumra_minichess, vaults_dpeg_spiral,
          vaults_room_mumra_shop_pool, vaults_room_door_ring,
          nicolae_vaults_angled_halls, serial_shops, shop, shop
Vaults:3: v_misc_32, v_alt_pattern_2, nicolae_vaults_theta,
          nicolae_vaults_little_squares_5, hangedman_vaults_river_flow,
          nicolae_vaults_little_squares_1, ontoclasm_vaults_twist,
          vaults_standard_mumra_x, ontoclasm_vaults_loading_screen, v_rooms_6,
          vaults_mumra_hex, vaults_dpeg_encased_lava, vaults_room_pool,
          vaults_dpeg_ring, uniq_sojobo
Vaults:4: vaults_standard_mumra_enter_the_diamond, v_misc_1,
          nicolae_vaults_little_squares_4, nicolae_vaults_little_squares_3,
          vaults_standard_mumra_enter_the_diamond, ontoclasm_vaults_ring_small,
          v_misc_28, nicolae_vaults_big_angled_halls,
          nicolae_vaults_stairing_the_circle, hangedman_vaults_hat,
          vaults_dpeg_cross, nicolae_vaults_shelves_hall, vaults_room_pool,
          serial_shops, nicolae_shop_stone, uniq_saint_roka
Vaults:5: uniq_xtahua, uniq_boris
Crypt:1:  uniq_mara
Crypt:3:  evilmike_haunted_forest
Depths:1: hell_entry, minmay_holes, guppyfry_shop_blood, serial_bayou_shore_b,
          grunt_megastairs_4, serial_bayou_shore_b
Depths:2: minmay_distorted_concentric_squares, enter_ziggurat_e,
          grunt_pan_entry_spiral, hell_entry,
          hangedman_abyss_or_decor_lesser_grid, st_stairs_12,
          infiniplex_staircase_split_hallway
Depths:3: minmay_broken_ring, grunt_pan_entry_in_and_out, hell_entry,
          hangedman_abyss_entry_splay, minmay_fire_ice_demons,
          infiniplex_staircase_zigzag_4, uniq_enchantress, uniq_mennas
Depths:4: radiant_caverns_b_rkd, hell_entry, abyss_entry, pan_entry,
          uniq_frederick
Depths:5: grunt_x_marks_the_spot, bh_walls_and_bars, grunt_mini_vestibule,
          rand_demon_pan_entry_5
Zot:1:    grunt_ministairs_2
Zot:4:    lemuel_acid_trip, grunt_ministairs_1
Zot:5:    st_stairs_10
Bazaar:   bazaar_jpeg_circle_common
Ossuary:  ossuary_minmay_four_chambers
IceCv:    ice_cave_caverns_01
